Map: Green Acres

Players

Diger

  • Race: Protoss Protoss
  • Spawn Location: 7:00

ForceForce - Winner!

  • Race: Terran Terran
  • League: Gold
  • Spawn Location: 12:00

edius

  • Race: Protoss Protoss
  • Spawn Location: 9:00

patators - Winner!

  • Race: Terran Terran
  • Spawn Location: 3:00

Klimo

  • Race: Terran Terran
  • League: Platinum
  • Spawn Location: 6:00

sta - Winner!

  • Race: Terran Terran
  • Spawn Location: 1:00

VOD

Have the link to the VOD?

Description

Time

  • Played on: April 20, 2017, 4:49 a.m.
  • Length: 16:23
Show
View Real Time Build Order
Export as new Build Order

Diger Protoss 

Build Orders:  

Get SALT Encoding   

  12  0:06  Probe (Chrono Boost)  
  13  0:15  Pylon  
  13  0:26  Pylon  
  13  0:47  Pylon  
  13  0:52  Forge  
  13  1:04  Pylon  
  13  1:07  Pylon  
  13  1:08  Probe (Chrono Boost)  
  14  1:18  Probe (Chrono Boost)  
  15  1:23  Pylon  
  15  1:34  Pylon  
  15  1:41  Pylon  
  15  1:52  Gateway  
  15  2:03  Gateway  
  15  2:14  Gateway  
  15  2:44  Photon Cannon  
  15  2:48  Photon Cannon  
  15  2:51  Photon Cannon  
  15  3:08  Zealot, Cybernetics Core  
  16  4:15  Zealot  
  16  4:16  Zealot  
  20  4:43  Zealot x2  
  24  4:52  Nexus  
  24  4:59  Zealot  
  26  5:10  Zealot x2  
  30  5:26  Zealot  
  32  5:37  Zealot x2  
  36  5:53  Zealot  
  38  6:04  Zealot x2  
  42  6:20  Zealot  
  44  6:31  Zealot x2  
  48  6:37  Probe (Chrono Boost)  
  49  6:45  Pylon  
  49  6:47  Probe (Chrono Boost), Zealot  
  49  6:54  Pylon  
  52  6:58  Probe (Chrono Boost)  
  53  7:07  Pylon  
  54  7:08  Probe (Chrono Boost)  
  54  7:13  Zealot x2  
  54  7:15  Zealot  
  60  7:19  Probe (Chrono Boost)  
  61  7:28  Photon Cannon  
  60  7:40  Zealot x2  
  60  7:42  Zealot  
  66  7:47  Probe (Chrono Boost)  
  67  7:57  Photon Cannon  
  67  7:58  Probe (Chrono Boost)  
  68  8:08  Probe (Chrono Boost)  
  69  8:19  Probe (Chrono Boost)  
  70  8:29  Probe (Chrono Boost)  
  71  9:01  Photon Cannon  
  71  9:05  Photon Cannon  
  71  9:11  Zealot x3  
  77  9:22  Pylon  
  77  9:26  Pylon  
  77  9:38  Zealot x3  
  83  10:05  Zealot x3  
  85  10:32  Zealot x2  
  85  10:33  Zealot  
  23  12:42  Zealot x2  
  27  12:44  Zealot  
  29  13:10  Zealot x2  
  29  13:11  Zealot  
  21  13:37  Zealot x2  
  21  13:38  Zealot  
  17  14:04  Zealot x2  
  17  14:06  Zealot  
  23  14:31  Zealot x2  
  27  14:33  Zealot  
  29  15:13  Zealot x3  
Show
View Real Time Build Order
Export as new Build Order

ForceForce Terran - Winner!

Build Orders:  

Get SALT Encoding   

  12  0:03  SCV  
  13  0:17  Supply Depot  
  13  0:20  SCV  
  14  0:29  Refinery  
  14  0:33  SCV  
  15  0:45  Barracks  
  15  0:48  SCV  
  16  1:05  SCV  
  16  1:08  Barracks  
  17  1:21  Engineering Bay  
  17  1:42  Reaper  
  18  1:47  Refinery  
  18  1:54  Missile Turret  
  18  2:08  Barracks  
  18  2:10  Supply Depot  
  18  2:11  Reaper  
  19  2:25  Reaper  
  20  2:43  Reaper  
  21  2:48  Supply Depot  
  21  2:54  Planetary Fortress  
  21  3:03  Reaper  
  22  3:14  Reaper  
  23  3:32  Reaper  
  23  3:33  SCV  
  25  3:35  Reaper  
  26  3:46  SCV  
  23  4:29  Reaper x2  
  25  4:44  Reaper  
  23  5:01  Reaper x2  
  25  5:11  Factory  
  25  5:16  Reaper  
  25  5:17  SCV  
  27  5:30  SCV  
  27  5:33  Reaper x2  
  30  5:48  Reaper  
  31  6:05  Reaper  
  30  6:15  Reaper  
  29  6:20  Reaper  
  30  6:30  Factory Reactor  
  30  6:33  SCV  
  30  6:37  Reaper  
  32  6:45  SCV  
  34  6:47  Reaper  
  34  6:52  Reaper  
  32  6:58  SCV  
  31  7:08  Hellion x2  
  35  7:10  Reaper  
  36  7:19  Reaper  
  37  7:24  Reaper  
  38  7:34  Hellion  
  39  7:42  Reaper  
  39  7:51  Reaper  
  39  8:00  Starport  
  39  8:06  Command Center  
  39  8:47  Marine  
  39  8:48  Reaper, Marine  
  34  9:05  Marine  
  34  9:06  Marine  
  36  9:12  Starport Reactor, Missile Turret  
  36  9:19  Marine  
  36  9:23  Marine  
  38  9:24  Marine  
  39  9:34  Missile Turret  
  39  9:37  Marine  
  40  9:41  Terran Infantry Weapons Level 1, Marine  
  40  9:42  Marine  
  40  9:43  SCV  
  43  9:50  Widow Mine x2  
  47  9:55  Marine, SCV  
  47  9:57  Planetary Fortress  
  47  9:59  Marine  
  50  10:03  Missile Turret  
  50  10:04  Supply Depot  
  50  10:09  Medivac x2  
  54  10:25  Widow Mine  
  54  10:26  Missile Turret, SCV  
  57  10:29  Supply Depot  
  57  10:35  Marine x3  
  58  10:38  SCV  
  61  10:50  SCV  
  61  10:51  Medivac  
  61  10:53  Marine  
  66  10:57  Barracks Tech Lab  
  66  11:02  SCV  
  66  11:03  Barracks Reactor  
  66  11:09  SCV  
  66  11:11  Marine  
  68  11:14  SCV  
  69  11:21  SCV  
  70  11:27  SCV  
  70  11:35  Terran Infantry Armor Level 1  
  70  11:39  SCV  
  70  11:40  Marine  
  70  13:23  Supply Depot  
  70  13:44  Widow Mine x2  
  70  13:45  Medivac, Marine x2  
  70  13:46  Supply Depot  
  78  14:08  Medivac, Marine x3, Marauder  
  85  14:14  Supply Depot  
  85  14:15  Supply Depot  
  85  14:16  Supply Depot  
  85  14:25  Marine  
  86  14:36  Medivac, Marine x3  
  86  14:38  Medivac  
  93  14:43  Marine  
  94  14:53  Marine  
  94  14:56  Marine x2  
  97  15:01  Marine  
  97  15:05  Barracks  
  98  15:11  Marine  
  99  15:14  Marauder  
  99  15:20  Medivac x2  
  105  15:49  Viking  
  103  15:50  Viking  
  103  15:53  Barracks  
  107  15:57  Refinery  
  107  16:00  Refinery  
Show
View Real Time Build Order
Export as new Build Order

edius Protoss 

Build Orders:  

Get SALT Encoding   

  12  0:02  Probe (Chrono Boost)  
  13  0:13  Probe (Chrono Boost)  
  14  0:22  Pylon  
  14  0:24  Probe (Chrono Boost)  
  15  0:40  Probe (Chrono Boost)  
  15  0:42  Gateway  
  16  0:51  Probe (Chrono Boost)  
  17  1:01  Probe (Chrono Boost)  
  18  1:05  Assimilator  
  18  1:09  Assimilator  
  18  1:10  Pylon  
  18  1:12  Probe (Chrono Boost)  
  19  1:22  Probe (Chrono Boost)  
  20  1:35  Cybernetics Core  
  20  1:36  Probe (Chrono Boost)  
  21  1:46  Probe (Chrono Boost)  
  22  1:47  Gateway  
  22  1:57  Probe (Chrono Boost)  
  23  2:10  Warp Gate  
  23  2:13  Mothership Core (Chrono Boost)  
  25  2:16  Forge  
  25  2:31  Pylon  
  25  2:51  Nexus  
  25  2:58  Pylon  
  25  3:13  Twilight Council  
  25  3:19  Pylon  
  26  3:20  Probe (Chrono Boost)  
  26  3:21  Protoss Ground Weapons Level 1  
  26  3:24  Pylon  
  26  3:29  Photon Cannon  
  26  3:34  Gateway  
  26  3:40  Gateway  
  26  4:00  Pylon  
  26  4:08  Probe (Chrono Boost)  
  27  4:19  Probe (Chrono Boost)  
  28  4:25  Blink  
  28  4:29  Probe (Chrono Boost)  
  29  4:40  Probe (Chrono Boost)  
  29  4:43  Stalker x3  
  29  4:44  Stalker  
  38  4:50  Probe (Chrono Boost)  
  39  4:54  Dark Shrine  
  39  5:01  Probe (Chrono Boost)  
  39  5:04  Protoss Ground Weapons Level 2  
  41  5:07  Probe (Chrono Boost)  
  41  5:11  Probe (Chrono Boost)  
  42  5:18  Assimilator  
  42  5:19  Probe (Chrono Boost)  
  43  5:22  Probe (Chrono Boost)  
  43  5:23  Assimilator  
  44  5:32  Probe (Chrono Boost)  
  44  5:33  Probe (Chrono Boost)  
  46  5:43  Probe (Chrono Boost)  
  47  5:53  Pylon  
  47  5:54  Probe (Chrono Boost)  
  48  5:59  Pylon  
  48  6:25  Stalker x3  
  50  6:26  Stalker  
  56  6:41  Gateway  
  56  6:44  Gateway  
  56  6:46  Gateway  
  55  6:49  Gateway  
  55  6:53  Stalker x2  
  55  6:54  Stalker x2  
  62  7:01  Probe (Chrono Boost)  
  62  7:05  Protoss Ground Armor Level 1  
  62  7:14  Probe (Chrono Boost)  
  63  7:16  Pylon  
  63  7:31  Probe (Chrono Boost)  
  64  7:41  Probe (Chrono Boost)  
  65  7:52  Probe (Chrono Boost)  
  66  8:02  Probe (Chrono Boost)  
  67  8:13  Probe (Chrono Boost)  
  67  8:19  Dark Templar x2  
  72  8:20  Dark Templar x4  
  80  8:30  Charge  
  80  9:05  Protoss Ground Weapons Level 3  
  80  9:14  Zealot x4  
  80  9:15  Zealot x4  
  96  10:10  Zealot  
  96  10:11  Zealot x4  
  106  10:30  Pylon  
  106  10:32  Pylon  
  106  10:36  Pylon  
  106  10:38  Pylon  
  106  10:40  Pylon  
  104  10:47  Pylon  
  104  10:50  Photon Cannon  
  104  10:58  Dark Templar  
  104  10:59  Dark Templar x5  
  104  11:00  Dark Templar x2  
  120  11:24  Protoss Ground Armor Level 2  
  120  11:35  Stalker x3  
  120  11:36  Stalker x5  
  50  12:15  Dark Templar x5  
  60  12:21  Nexus  
  60  12:25  Pylon  
  60  12:27  Pylon  
  60  12:30  Pylon  
  60  12:39  Archon x2  
  60  12:43  Dark Templar  
  62  12:51  Zealot x6  
  68  12:52  Zealot  
  68  12:56  Archon  
  76  13:16  Dark Templar x4  
  34  13:56  Dark Templar  
  34  13:57  Dark Templar x2  
  34  13:59  Zealot x2  
  34  14:00  Zealot  
Show
View Real Time Build Order
Export as new Build Order

patators Terran - Winner!

Build Orders: Reaper Expand 

Get SALT Encoding   

  12  0:01  SCV  
  13  0:13  SCV  
  14  0:18  Supply Depot  
  14  0:25  SCV  
  15  0:34  Refinery  
  15  0:39  SCV  
  16  0:45  Barracks  
  16  0:51  SCV  
  17  1:04  SCV  
  18  1:24  SCV  
  19  1:32  Reaper  
  20  1:36  Orbital Command  
  20  1:46  Command Center  
  20  1:58  Factory  
  20  2:02  SCV  
  21  2:14  Barracks Reactor  
  21  2:15  Supply Depot  
  21  2:18  Refinery, SCV  
  22  2:31  SCV  
  22  2:42  Hellion  
  24  2:51  Marine x2  
  26  3:03  Cyclone  
  29  3:07  Orbital Command  
  29  3:09  Marine x2  
  32  3:20  SCV  
  32  3:26  Marine x2  
  32  3:36  Hellion, SCV x2  
  30  3:44  Marine x2  
  32  3:48  SCV x2  
  32  3:53  Starport  
  34  3:59  Factory Tech Lab  
  34  4:00  SCV  
  34  4:01  SCV  
  36  4:05  Engineering Bay  
  36  4:08  Marine x2  
  38  4:12  SCV  
  38  4:13  SCV  
  40  4:18  Siege Tank  
  43  4:25  SCV  
  44  4:32  SCV  
  44  4:33  Marine  
  46  4:40  Command Center  
  46  4:41  Supply Depot  
  46  4:48  Supply Depot  
  46  5:02  Marine  
  46  5:03  Medivac, Marine, SCV x2  
  52  5:15  Refinery, SCV x2  
  52  5:17  Terran Infantry Weapons Level 1  
  52  5:18  Siege Tank  
  52  5:20  Marine  
  58  5:24  Supply Depot  
  58  5:30  SCV x2  
  59  5:45  SCV x2  
  61  5:56  Viking  
  63  5:58  Supply Depot  
  63  6:07  SCV  
  63  6:08  SCV  
  63  6:11  Missile Turret  
  59  6:23  Orbital Command  
  59  6:25  Missile Turret  
  59  6:26  Marine  
  59  6:27  Marine  
  59  6:30  Supply Depot  
  59  6:31  Barracks  
  59  6:32  Starport Reactor, Barracks  
  61  6:34  Refinery  
  61  6:36  SCV x2  
  63  6:42  Factory Reactor  
  63  6:48  SCV x2  
  63  6:50  Supply Depot, Barracks  
  63  6:51  Barracks  
  63  6:52  Supply Depot  
  63  6:53  Marine x2  
  63  6:54  Supply Depot  
  67  6:55  Supply Depot  
  67  6:56  Supply Depot  
  67  6:59  SCV  
  67  7:00  SCV x2  
  70  7:05  Supply Depot  
  70  7:09  Medivac x2  
  70  7:11  Terran Infantry Armor Level 1  
  70  7:12  SCV  
  70  7:15  Marine x2  
  75  7:18  Widow Mine x2  
  81  7:22  Barracks Tech Lab  
  81  7:26  SCV  
  82  7:30  Supply Depot  
  82  7:31  Stimpack  
  82  7:34  Marine x3  
  85  7:39  Barracks Reactor, SCV  
  85  7:40  Barracks Reactor  
  85  7:42  Combat Shields  
  85  7:43  Supply Depot  
  86  7:51  SCV  
  87  7:53  Marine x2  
  87  7:54  Marine x2  
  87  7:58  Widow Mine x2, Medivac x2  
  93  8:02  SCV x2  
  101  8:14  Marine x3, SCV x2  
  101  8:15  Marine x4  
  101  8:19  Orbital Command  
  110  8:20  Marine  
  110  8:24  Engineering Bay  
  110  8:26  SCV, Armory  
  112  8:30  Supply Depot  
  112  8:32  Marine x2  
  112  8:34  Marine x5  
  114  8:35  Widow Mine x2  
  114  8:38  Marine  
  123  8:50  Marine  
  123  8:51  Marine  
  123  8:52  Medivac x2, Marine  
  130  8:59  Marine x5  
  130  9:01  SCV x2  
  135  9:03  Widow Mine  
  135  9:04  Widow Mine, Missile Turret  
  135  9:08  Marine  
  135  9:09  Marine x2  
  142  9:17  Marine x5  
  142  9:18  Barracks  
  142  9:19  Barracks  
  142  9:23  Barracks  
  147  9:48  Command Center  
  147  9:49  Marine x3  
  147  9:50  Marine  
  147  9:51  Concussive Shells  
  147  9:52  Widow Mine x2  
  151  9:54  Terran Infantry Weapons Level 2  
  151  9:55  Terran Infantry Armor Level 2  
  155  10:08  Marine  
  155  10:09  Barracks Tech Lab  
  155  10:10  Barracks Reactor x2  
  152  10:16  Marine x2  
  152  10:17  Marine x5  
  155  10:23  Refinery  
  155  10:24  Refinery  
  155  10:26  Marine  
  156  10:31  Factory  
  156  10:34  Marine x3  
  159  10:41  Marine x4  
  159  10:42  Marauder  
  165  10:44  Medivac x2  
  169  10:59  Marauder x2  
  169  11:00  Marine x9  
  169  11:03  Marauder  
  184  11:06  Supply Depot  
  184  11:07  Planetary Fortress  
  184  11:10  Missile Turret  
  184  11:14  Medivac x2  
  184  11:18  Factory Tech Lab  
  188  11:20  Supply Depot  
  188  11:25  Supply Depot x2  
  188  11:27  Supply Depot  
  188  11:31  Marine x3  
  191  11:33  Missile Turret  
  191  11:40  Command Center  
  191  11:41  Drilling Claws  
  191  11:43  Widow Mine x2  
  191  11:44  Medivac  
  197  11:53  Missile Turret  
  180  12:01  Marine  
  180  12:02  Marine x7  
  177  12:16  Missile Turret  
  177  12:19  Marine  
  177  12:20  Marine x5  
  177  12:21  Marauder  
  177  12:22  Widow Mine x3  
  154  12:30  Terran Infantry Weapons Level 3  
  154  12:31  Terran Infantry Armor Level 3  
  154  12:43  Terran Vehicle And Ship Armor Level 1  
  154  12:44  Marine x6  
  154  12:45  Marauder, Marine x6  
  154  12:50  Widow Mine x3  
  172  12:56  Orbital Command  
  174  13:01  Missile Turret  
  174  13:02  Marine x3  
  174  13:03  Marauder x2, Marine x3  
  174  13:04  Marine x3  
  187  13:07  Marauder  
  176  13:26  Liberator  
  174  13:27  Marine x2  
  174  13:28  Marine x3  
  179  13:39  Marine x6  
  179  13:40  Marauder x2  
  179  13:41  Widow Mine x3  
  198  13:58  Marauder  
  200  14:34  Command Center  
  200  14:35  Missile Turret x2  
  200  14:37  Missile Turret  
  200  15:07  Hi-Sec Auto Tracking  
  200  15:09  Command Center  
  200  15:10  Command Center  
  184  15:43  Marine  
  184  15:44  Marine x6  
  184  15:48  Marine x6  
Show
View Real Time Build Order
Export as new Build Order

Klimo Terran 

Build Orders:  

Get SALT Encoding   

  12  0:02  SCV  
  13  0:14  SCV  
  13  0:20  Supply Depot  
  14  0:26  SCV  
  15  0:30  Refinery  
  15  0:42  SCV  
  16  0:46  Barracks  
  16  0:54  SCV  
  17  1:04  Barracks  
  17  1:11  Refinery  
  17  1:15  SCV  
  18  1:29  Barracks  
  18  1:34  SCV  
  20  1:40  Reaper  
  20  1:51  Reaper  
  21  1:59  Engineering Bay  
  21  2:10  Supply Depot  
  21  2:18  Reaper  
  22  2:23  Reaper  
  22  2:31  Reaper  
  23  2:43  Terran Infantry Weapons Level 1  
  23  2:49  Orbital Command  
  23  2:54  Reaper  
  24  3:00  Reaper  
  25  3:09  Supply Depot  
  25  3:13  Reaper  
  23  3:44  Reaper x2  
  24  3:55  Reaper  
  20  4:16  Reaper x2  
  22  4:27  Reaper  
  22  4:48  Reaper x2  
  24  4:59  Reaper  
  25  5:00  Barracks  
  25  5:01  Supply Depot  
  25  5:07  Terran Infantry Armor Level 1  
  25  5:18  SCV  
  25  5:20  Reaper x2  
  28  5:31  Reaper  
  26  5:52  Reaper  
  26  5:53  Reaper  
  10  6:30  SCV  
  7  6:43  SCV  
  8  7:04  Command Center, SCV  
  9  7:08  Reaper  
  9  7:09  Reaper  
  9  7:13  Reaper  
  12  7:27  SCV  
  10  8:15  Barracks Reactor  
  10  8:16  SCV  
  10  8:17  SCV  
  11  8:38  SCV  
  11  8:39  SCV  
  13  8:51  SCV  
  13  9:00  SCV  
  11  9:06  SCV  
  12  9:13  Marine x4  
  12  9:14  Marine  
  17  9:18  SCV  
  18  9:30  SCV  
  19  9:42  SCV  
  20  9:47  Marine x5  
  25  9:54  SCV  
  26  10:09  Marine x4  
  26  10:10  Marine  
  26  10:11  SCV  
  32  10:27  Marine x3  
  35  10:47  Marine x3  
  35  10:48  Marine x2  
  40  11:05  Marine x3  
  40  11:06  Marine x2  
  45  11:13  Supply Depot  
  45  11:14  SCV  
  46  11:23  Marine  
  47  11:26  Supply Depot  
  47  11:34  Marine x2  
  47  11:35  SCV  
  51  11:47  SCV  
  51  11:52  Marine x4  
  51  11:53  Marine  
  56  12:10  Marine x5  
  27  12:58  Factory  
  27  13:02  Barracks Tech Lab  
  27  13:04  Barracks Tech Lab  
  27  13:05  Factory  
  27  13:06  SCV  
  21  13:57  Supply Depot  
  21  13:59  Supply Depot  
  21  14:16  Siege Tank  
  24  14:17  Siege Tank  
  27  14:26  Supply Depot, Armory  
  27  14:49  Siege Tank x2  
Show
View Real Time Build Order
Export as new Build Order

sta Terran - Winner!

Build Orders: Mech 

Get SALT Encoding   

  12  0:11  Supply Depot  
  12  0:14  SCV  
  13  0:26  SCV  
  14  0:38  Barracks, SCV  
  15  0:50  SCV  
  16  0:58  Barracks  
  16  1:02  SCV  
  17  1:14  SCV  
  18  1:27  Marine  
  19  1:38  SCV  
  19  1:39  Refinery  
  20  1:45  Marine  
  21  1:49  Supply Depot  
  21  1:50  Marine  
  22  1:57  Engineering Bay  
  22  1:58  SCV  
  23  2:10  Marine  
  23  2:11  SCV  
  23  2:12  Marine  
  26  2:20  Refinery  
  26  2:23  SCV  
  27  2:32  Missile Turret  
  27  2:35  SCV  
  27  2:36  Marine  
  27  2:37  Marine  
  30  2:44  Missile Turret  
  30  2:50  Orbital Command  
  30  3:01  Factory  
  30  3:12  Missile Turret  
  30  3:14  Hi-Sec Auto Tracking  
  30  3:20  SCV  
  31  3:54  Factory Tech Lab  
  31  4:02  Command Center  
  31  4:13  Siege Tank  
  31  4:14  Missile Turret  
  34  4:24  SCV  
  34  4:25  Supply Depot  
  35  4:48  Building Armor  
  35  4:53  Command Center  
  35  5:06  Siege Tank  
  38  5:08  Missile Turret  
  38  5:16  Armory  
  28  5:59  Siege Tank  
  31  6:08  Terran Vehicle Weapons Level 1  
  31  6:13  Factory  
  31  6:23  Refinery  
  31  6:31  Siege Tank, Planetary Fortress  
  34  6:40  Refinery  
  34  6:51  SCV  
  35  6:59  Factory Tech Lab  
  35  7:03  SCV  
  36  7:16  Planetary Fortress  
  36  7:36  Refinery  
  36  7:45  Thor  
  42  7:54  Factory  
  42  8:09  SCV  
  43  8:21  SCV  
  43  8:24  Terran Vehicle Weapons Level 2  
  44  9:06  Factory Tech Lab  
  44  9:10  Thor x2  
  56  9:19  Missile Turret  
  56  9:24  Armory  
  56  9:52  Thor  
  56  9:53  Thor  
  56  9:55  Supply Depot  
  56  9:57  Thor  
  68  10:35  Thor, SCV  
  68  10:41  Terran Vehicle And Ship Armor Level 1  
  75  10:44  Thor  
  75  10:45  Thor  
  75  10:48  SCV  
  88  10:55  Missile Turret  
  88  11:02  Missile Turret  
  88  11:06  Missile Turret  
  88  11:15  Refinery  
  88  11:21  Terran Vehicle Weapons Level 3  
  88  11:35  Supply Depot  
  88  12:22  Thor x2  
  97  13:26  Terran Vehicle And Ship Armor Level 2  
  97  13:31  Thor x2  
  82  14:39  Starport  
  82  14:47  Thor  
  82  14:52  Thor  
  94  15:22  Starport Tech Lab  
Tags
 
Add a new tag
Caveats
  • Supply blocks, unpowered buildings, or Contaminate may cause inaccurate times.
  • Supply counts are checked every 10 seconds.